 Dungeon Crawl Stone Soup version 0.21.1-1-g345015fe64 (webtiles) character file.

29469 Lavandula the Grappler (level 13, 89/117 HPs)
             Began as a Deep Dwarf Transmuter on May 25, 2018.
             Was a Priest of Makhleb.
             Quit the game on level 1 of the Orcish Mines.
             The game lasted 00:30:20 (4392 turns).

Lavandula the Grappler (Deep Dwarf Transmuter)      Turns: 4392, Time: 00:30:21

Health: 89/117     AC:  8    Str: 18    XL:     13   Next: 15%
Magic:  16/18      EV: 16    Int: 15    God:    Makhleb [***...]
Gold:   447        SH:  3    Dex: 13    Spells: 11/26 levels left

rFire    + . .     SeeInvis .     - Unarmed
rCold    . . .     Gourm    .   (shield currently unavailable)
rNeg     . . .     Faith    .   Q - +0 ring mail {rF+}
rPois    .         Spirit   .   (no helmet)
rElec    .         Reflect  +   I - +1 cloak
rCorr    .         Harm     .   (gloves currently unavailable)
MR       +....                  (no boots)
Stlth    +.........             A - +3 amulet of reflection
HPRegen  0.00/turn              N - +1 ring of protection
MPRegen  0.16/turn              M - ring of wizardry

@: blade hands (expiring), non-regenerating
A: damage resistance, heal wounds, sense surroundings 2, no regeneration
a: Heal Wounds, End Transformation, Minor Destruction, Lesser Servant of
Makhleb, Renounce Religion


You were on level 1 of the Orcish Mines.
You worshipped Makhleb.
Makhleb was most pleased with you.
You were not hungry.
You had blades for hands.
You visited 3 branches of the dungeon, and saw 13 of its levels.

You collected 447 gold pieces.

Inventory:

Hand Weapons
 j - a +1 blowgun
Missiles
 a - 55 arrows
 u - 5 tomahawks
 v - 39 poisoned needles
 y - 7 tomahawks of returning (quivered)
 P - 2 throwing nets
Armour
 b - a +0 robe
 n - a +0 pair of gloves (melded)
 I - a +1 cloak (worn)
 Q - a +0 ring mail of fire resistance (worn)
Jewellery
 w - an uncursed ring of magical power
 A - a +3 amulet of reflection (around neck)
 M - a ring of wizardry (right scythe-like blade)
 N - a +1 ring of protection (left scythe-like blade)
Wands
 c - a wand of acid (6)
 l - a wand of disintegration (1)
 m - a wand of iceblast (7)
 E - a wand of scattershot (5)
 G - a wand of clouds (8)
 L - a wand of polymorph (13)
Scrolls
 g - a scroll of teleportation
 i - 4 scrolls of remove curse
 J - a scroll of vulnerability {unknown}
Potions
 h - 3 potions of curing
 k - 5 potions of brilliance
 p - a potion of agility {unknown}
 r - 2 potions of resistance {unknown}
 s - a potion of invisibility {unknown}
 x - 2 potions of lignification {unknown}
 z - 3 potions of mutation {unknown}
 B - a potion of flight {unknown}
 K - a potion of magic {unknown}
 O - a potion of heal wounds
Books
 o - a book of Flames

   Spells                             Type                      Level
   a - Flame Tongue                   Conjuration/Fire             1
   b - Throw Flame                    Conjuration/Fire             2
   c - Conjure Flame                  Conjuration/Fire             3
   d - Inner Flame                    Hexes/Fire                   3
   e - Sticky Flame                   Conjuration/Fire             4
   f - Fireball                       Conjuration/Fire             5
 H - a book of Changes

   Spells                             Type                      Level
   a - Beastly Appendage              Transmutation                1
   b - Sticks to Snakes               Transmutation                2
   c - Spider Form                    Transmutation/Poison         3
   d - Ice Form                       Ice/Transmutation            4
   e - Blade Hands                    Transmutation                5
Comestibles
 d - 14 rations


   Skills:
 - Level 8.2 Fighting
 - Level 9.2 Dodging
 + Level 11.8 Unarmed Combat
 - Level 7.0 Spellcasting
 - Level 8.1 Transmutations
 - Level 3.0 Evocations


You had 11 spell levels left.
You knew the following spells:

 Your Spells              Type           Power        Failure   Level  Hunger
a - Beastly Appendage     Tmut           ####..       6%          1    None
b - Sticks to Snakes      Tmut           ####....     7%          2    None
c - Spider Form           Tmut/Pois      ###.......   24%         3    ##.....
d - Ice Form              Ice/Tmut       ###.....     47%         4    ####...
e - Blade Hands           Tmut           ####......   32%         5    #####..


Dungeon Overview and Level Annotations

Branches:
Dungeon (10/15)            Temple (1/1) D:5            Lair (0/6) D:9
    Orc (2/2) D:10
    Elf: Orc:2

Altars:
Cheibriados
Elyvilon
Fedhas
Hepliaklqana
Kikubaaqudgha
Makhleb
Nemelex Xobeh
Ru
Trog
Uskayaw
Vehumet
Xom
The Shining One

Annotations:
D:3 Lennu's ghost, amateur DrTm
D:4 Moto's ghost, amateur MiBe
D:6 Liuhe's ghost, novice CeHu
D:9 2 transporters, Erolcha; Gastronok


Innate Abilities, Weirdness & Mutations

You are resistant to damage.
You can heal yourself by infusing magical energy.
You passively map the area around you.
You do not regenerate.


Message History

You barely miss the orc warrior.
The orc priest shouts!
You hear a shout! x4
The orc misses you.
The orc warrior hits you with a short sword.
The orc closely misses you.
An orc warrior, an orc sorcerer and an orc warlord come into view.
Unknown command.
Okay, then.
Unknown command.
You slash the orc warrior!
The orc warrior is moderately wounded.
The orc warrior misses you. The orc misses you.
You block the orc warrior's attack.
An orc knight comes into view. It is wielding a great sword.
Unknown command.
Evoke which item? (* to show all) (? for menu, Esc to quit)
Okay, then.
Unknown command.
Unknown command.
Are you sure you want to abandon this character and quit the game? (Confirm with "yes".)

***,,,*,** **,,,,,,*,*,,,*
**,*..#..,* *......,,,,,,***
*,,,...#.***#......,,,*,,,*,
**,,.....###.......,,*,*,,,,
**,#..............,,,,,,,,,
**...#...........*,,,,,,**
*,.$.......o.....>*,,,***
**,......o.o......,*,**,***
**,,,#.....@.......,,,,,,,,*
*,,,......o.o.....#,,,,*,,,,
*,,,.......o.....#.,,,,***,,
**,,.........o.....,,,,,***,
*,,,...oo#.O.o.....,,**** **
*,,,..o.....#o....#,,****
*,,,ooo.,....#$....****∩**
**,,o........,.o...***,,,*
*,,,,*,,,,*,,,,,,,,,***,,**


You could see an orc warlord, an orc knight, an orc sorcerer, 5 orc warriors, an
ogre, an orc priest and 8 orcs.

Vanquished Creatures
  Harold (D:10)
  A two-headed ogre (D:10)
  A centaur zombie (D:10)
  Maurice (D:8)
  Joseph (D:8)
  A hornet (D:9)
  3 hippogriffs
  6 yaks
  Eustachio (D:4)
  3 hogs (D:9)
  A human (D:9)
  Grum (D:8)
  A hungry ghost (D:10)
  A water moccasin (D:9)
  4 orc warriors
  6 ice beasts
  A sky beast (D:8)
  6 ogres
  2 necrophages
  A centaur (D:7)
  4 wolves (D:8)
  A crocodile (D:8)
  A big kobold (D:10)
  5 bullfrogs
  5 killer bees (D:9)
  A howler monkey (D:7)
  7 wights
  A jelly (D:7)
  2 bullfrog skeletons (D:5)
  A hound (D:10)
  4 orc priests
  9 orc wizards
  An iguana (D:6)
  6 worker ants
  A howler monkey zombie (D:7)
  6 adders
  An ooze (D:4)
  An adder skeleton (D:4)
  2 leopard geckos
  30 orcs
  4 bats
  3 giant cockroaches
  2 goblins
  3 hobgoblins
  10 jackals
  A quokka (D:5)
  5 ball pythons (D:9)
  A ball python skeleton (D:5)
  7 kobolds (D:10)
  4 rats
172 creatures vanquished.

Vanquished Creatures (collateral kills)
  A two-headed ogre (D:8)
  An iguana (D:4)
  An adder (D:4)
3 creatures vanquished.

Vanquished Creatures (others)
  3 plants (D:9)
3 creatures vanquished.

Grand Total: 178 creatures vanquished

Notes
Turn   | Place    | Note
-------+----------+-------------------------------------------
     0 | D:1      | Lavandula the Deep Dwarf Transmuter began the quest for the Orb.
     0 | D:1      | Reached XP level 1. HP: 16/16 MP: 3/3
   120 | D:1      | Reached skill level 3 in Unarmed Combat
   143 | D:1      | Reached XP level 2. HP: 19/24 MP: 2/4
   190 | D:2      | Learned a level 2 spell: Sticks to Snakes
   283 | D:3      | Noticed Lennu's ghost (amateur DrTm)
   427 | D:2      | Found a snail-covered altar of Cheibriados.
   564 | D:3      | Reached XP level 3. HP: 13/30 MP: 0/5
   618 | D:3      | Reached skill level 4 in Unarmed Combat
   738 | D:4      | Noticed Eustachio
   764 | D:4      | Killed Eustachio
   764 | D:4      | Reached skill level 5 in Unarmed Combat
   764 | D:4      | Reached XP level 4. HP: 16/37 MP: 2/6
   764 | D:4      | Reached XP level 5. HP: 18/43 MP: 2/7
   845 | D:4      | Reached skill level 6 in Unarmed Combat
   942 | D:4      | Noticed Moto's ghost (amateur MiBe)
   968 | D:4      | Reached XP level 6. HP: 33/50 MP: 0/7
   978 | D:5      | Entered Level 5 of the Dungeon
  1006 | D:5      | Noticed an ice beast
  1015 | D:5      | Killed an ice beast
  1020 | D:5      | Learned a level 3 spell: Spider Form
  1025 | D:5      | Found a sacrificial altar of Ru.
  1116 | D:5      | Noticed an ice beast
  1119 | D:5      | Killed an ice beast
  1177 | D:5      | Learned a level 4 spell: Ice Form
  1184 | D:5      | Reached XP level 7. HP: 25/56 MP: 7/10
  1226 | D:5      | Found a staircase to the Ecumenical Temple.
  1237 | Temple   | Entered the Ecumenical Temple
  1287 | Temple   | Became a worshipper of Makhleb the Destroyer
  1702 | D:6      | Reached skill level 5 in Transmutations
  1714 | D:6      | Reached XP level 8. HP: 51/63 MP: 5/11
  1727 | D:6      | Noticed Liuhe's ghost (novice CeHu)
  2132 | D:7      | Reached * piety under Makhleb
  2199 | D:7      | Reached skill level 5 in Spellcasting
  2401 | D:7      | Noticed a hippogriff
  2422 | D:7      | Killed a hippogriff
  2422 | D:7      | Gained mutation: You passively map the area around you. [Deep Dwarf growth]
  2422 | D:7      | Reached XP level 9. HP: 38/69 MP: 18/18
  2437 | D:7      | Learned a level 5 spell: Blade Hands
  2762 | D:8      | Noticed a two-headed ogre
  2779 | D:8      | Killed a two-headed ogre
  2803 | D:8      | Noticed Joseph
  2816 | D:8      | Killed Joseph
  2898 | D:8      | Noticed Grum
  2914 | D:8      | Reached skill level 7 in Unarmed Combat
  2924 | D:8      | Killed Grum
  2935 | D:8      | Reached ** piety under Makhleb
  3085 | D:8      | Noticed Maurice
  3099 | D:8      | Killed Maurice
  3099 | D:8      | Reached skill level 8 in Unarmed Combat
  3099 | D:8      | Reached XP level 10. HP: 49/76 MP: 17/17
  3240 | D:9      | Noticed Gastronok
  3242 | D:9      | HP: 3/76 [Gastronok/the air (34)]
  3368 | D:9      | Reached skill level 9 in Unarmed Combat
  3407 | D:9      | Noticed Erolcha
  3580 | D:9      | Reached skill level 10 in Unarmed Combat
  3618 | D:9      | Found the cursed +13 scythe of Curses {drain, *Curse}
  3619 | D:9      | Found an ancient bone altar of Kikubaaqudgha.
  3619 | D:9      | Found a transporter.
  3621 | D:9      | Noticed a deep troll earth mage
  3621 | D:9      | Noticed a centaur warrior
  3625 | D:9      | Found a transporter.
  3741 | D:9      | Found a staircase to the Lair.
  3763 | D:10     | Entered Level 10 of the Dungeon
  3799 | D:10     | Reached *** piety under Makhleb
  3851 | D:10     | Reached skill level 11 in Unarmed Combat
  3872 | D:10     | Found a staircase to the Orcish Mines.
  3899 | D:10     | Noticed Harold
  3913 | D:10     | Killed Harold
  3913 | D:10     | Reached XP level 11. HP: 55/82 MP: 15/16
  4194 | D:10     | Reached XP level 12. HP: 83/111 MP: 17/17
  4195 | D:10     | Reached XP level 13. HP: 88/117 MP: 18/18
  4307 | Orc:1    | Entered Level 1 of the Orcish Mines
  4373 | Orc:2    | Entered Level 2 of the Orcish Mines
  4391 | Orc:1    | Noticed an orc warlord
  4392 | Orc:1    | Quit the game

Skill      XL: |  1  2  3  4  5  6  7  8  9 10 11 12 |
---------------+-------------------------------------+-----
Unarmed Combat | 3 5 6 8 11 | 11.8
Evocations     | 3 |  3.0
Spellcasting   | 3 6 7 |  7.0
Transmutations | 2 5 8 |  8.1
Fighting       | 8 |  8.2
Dodging        | 9 |  9.2

Action                   |  1- 3 |  4- 6 |  7- 9 | 10-12 | 13-15 || total
-------------------------+-------+-------+-------+-------+-------++-------
Melee: Unarmed           |    70 |    75 |   270 |   174 |    26 ||   615
       Headbutt          |     5 |     6 |       |       |       ||    11
       Kick              |     6 |     4 |     3 |       |       ||    13
       Punch             |       |       |       |     5 |       ||     5
 Fire: Blowgun           |       |       |       |       |     2 ||     2
Throw: Tomahawk          |       |       |       |     3 |       ||     3
 Cast: Beastly Appendage |    11 |    10 |     3 |       |       ||    24
       Sticks to Snakes  |     3 |     4 |     1 |       |       ||     8
       Spider Form       |       |       |    33 |     3 |       ||    36
       Blade Hands       |       |       |     1 |    16 |     4 ||    21
 Abil: Heal Wounds       |     1 |     5 |    11 |     9 |       ||    26
Evoke: Wand              |       |     9 |       |     1 |     1 ||    11
  Use: Scroll            |       |     1 |     4 |     2 |     6 ||    13
       Potion            |       |       |       |     4 |       ||     4
  Eat: Chunk             |       |     2 |    10 |    11 |       ||    23
       Ration            |       |       |       |       |     1 ||     1
Armor: Robe              |    21 |    16 |     5 |    14 |       ||    56
       Skin              |       |       |     4 |       |       ||     4
       Ring mail         |       |       |       |    29 |     1 ||    30
Dodge: Dodged            |    62 |    52 |   188 |    88 |    15 ||   405
Block: Other             |       |       |    10 |    13 |     2 ||    25
